 Dungeon Crawl Stone Soup version 0.31.0-1-g2c135a008e (webtiles) character file.

Game seed: 18372467320813553037

379 qw the Shooter (level 7, -8/50 HPs)
             Began as a Djinni Hunter on Jan 23, 2024.
             Mangled by Pikel
             ... wielding a +1 whip of flaming
              (9 damage)
             ... on level 4 of the Dungeon.
             The game lasted 00:00:12 (2700 turns).

qw the Shooter (Djinni Hunter)                      Turns: 2700, Time: 00:00:13

Health: -8/50      AC: 12    Str: 16    XL:     7   Next: 4%
Gold:   130        EV: 12    Int: 11    God:
                   SH:  0    Dex: 18

rFire   + + .        a - +0 shortbow
rCold   x . .        (shield currently unavailable)
rNeg    . . .        d - +0 ring mail
rPois   inf          c - +2 helmet
rElec   .            g - +1 cloak
rCorr   .            l - +1 pair of gloves
SInv    .            (boots unavailable)
Will    .....        (no amulet)
Stlth   +            b - +6 ring of strength
HPRegen 0.28/turn    (no ring)
MPRegen 0.00/turn

%: infuse magic (-9 HP)
@: flying
A: sickness immunity, fire resistance 2, cold vulnerability 1, float, innate
caster, HP casting, extra vitality 1, wild magic 1, MP-powered wands
a: no special abilities


You were on level 4 of the Dungeon.
You visited 1 branch of the dungeon, and saw 4 of its levels.

You collected 130 gold pieces.


Innate Abilities, Weirdness & Mutations

You are immune to sickness and miasma.
You are immune to poison.
Your flesh is very heat resistant. (rF++)
You are vulnerable to cold. (rC-)
You float through the air rather than walking.
You learn spells naturally, not from books.
Your magical power is your life essence.
You have superior vitality. (+4 MHP)
Your spells are a little harder to cast, but a little more powerful.
You expend health (3 HP) to strengthen your wands.


   Skills:
 - Level 3.1 Fighting
 - Level 5.5 Ranged Weapons
 + Level 1.8 Armour
 - Level 3.2 Dodging
 - Level 0.7 Stealth


You knew the following spells:

 Your Spells              Type           Power      Damage    Failure   Level
a - Foxfire               Conj/Fire      0%         2x1d4     63%         1
b - Scorch                Fire           0%         2d5       77%         2
c - Volatile Blastmotes   Fire/Tloc      0%         2d10      93%         3
Your spell library was empty.

Inventory:

Hand Weapons
 a - a +0 shortbow (weapon)
Armour
 c - a +2 helmet (worn)
 d - a +0 ring mail (worn)
 g - a +1 cloak (worn)
 l - a +1 pair of gloves (worn)
Jewellery
 b - a +6 ring of strength (left hand)
 f - a ring of fire
Wands
 e - a wand of flame (1) (quivered)
Scrolls
 h - 2 scrolls of identify
Potions
 k - a potion of resistance
 n - a potion of enlightenment {unknown}
 o - a potion of brilliance {unknown}
 p - 2 potions of curing {unknown}

Dungeon Overview and Level Annotations

Branches:
Dungeon (4/15)
 Temple: D:4-7

Altars:

Annotations:
D:4 3 runed translucent doors, Pikel; qw's ghost, amateur GrHu


Message History

2695 ||| ZAPPING wand of flame (7) at 0,1 (Pikel; floor).
Aiming: Throw Flame
Press: ? - help, Q - select action, (/) - cycle Shift-Dir - straight line, f/p - Pikel You feel a surge of power!
The puff of flame hits Pikel!
Pikel is severely wounded.
Pikel barely misses you.
2696 ||| ZAPPING wand of flame (6) at 0,1 (Pikel; floor).
Aiming: Throw Flame
Press: ? - help, Q - select action, (/) - cycle Shift-Dir - straight line, f/p - Pikel You feel a surge of power!
The puff of flame hits Pikel.
Pikel is severely wounded.
Pikel says, "Asmodeus and me are pals.
He gave me this whip."
Pikel hits you with a +1 whip of flaming.
2697 ||| ZAPPING wand of flame (5) at 0,1 (Pikel; floor).
Aiming: Throw Flame
Press: ? - help, Q - select action, (/) - cycle Shift-Dir - straight line, f/p - Pikel You feel a surge of power!
The puff of flame hits Pikel.
Pikel is almost dead.
Pikel closely misses you.
2698 ||| ZAPPING wand of flame (4) at 0,1 (Pikel; floor).
Aiming: Throw Flame
Press: ? - help, Q - select action, (/) - cycle Shift-Dir - straight line, f/p - Pikel You feel a surge of power!
The puff of flame misses Pikel.
The puff of flame hits the lemure.
The lemure is heavily wounded.
Pikel hits you but does no damage.
2699 ||| ZAPPING wand of flame (3) at 0,1 (Pikel; floor).
Aiming: Throw Flame
Press: ? - help, Q - select action, (/) - cycle Shift-Dir - straight line, f/p - Pikel You feel a slight surge of power.
The puff of flame hits Pikel.
Pikel is almost dead.
Pikel closely misses you.
2700 ||| ZAPPING wand of flame (2) at 0,1 (Pikel; floor).
Aiming: Throw Flame
Press: ? - help, Q - select action, (/) - cycle Shift-Dir - straight line, f/p - Pikel The puff of flame hits Pikel.
Pikel is almost dead.
Pikel hits you with a +1 whip of flaming!
You die...
Pikel says, "Another soul for the market."

# ####.#######
# #..........#
# #..........#
+
###..........#
#
#.........####
#..........#
#..........#
#####..###.###
#@#......#
#K#<.(...#
#5.55#.%....#
#K####......+
# #......#
#...:..#
#......#
#....:.#


You could see Pikel and 2 lemures.

Vanquished Creatures
  Sigmund (D:4)
  Jessica (D:3)
  2 iguanas (D:4)
  6 adders
  3 ribbon worms
  2 dart slugs
  4 orcs (D:3)
  8 endoplasms
  4 giant cockroaches
  8 goblins
  5 hobgoblins
  5 quokkas
  7 ball pythons
  7 bats
  2 frilled lizards
  3 kobolds
  8 rats
76 creatures vanquished.

Notes
Turn   | Place    | Note
-------+----------+-------------------------------------------
     0 | D:1      | qw the Djinni Hunter began the quest for the Orb.
     0 | D:1      | Reached XP level 1. HP: 18/18 MP: 0/0
     0 | D:1      | 0 ||| qw: Version: 0.3-a-136-gdd3b4e8
     0 | D:1      | 0 ||| qw: Game counter: 996
     0 | D:1      | 0 ||| qw: Melee chars always use a shield: true
     0 | D:1      | 0 ||| qw: God list: Okawaru
     0 | D:1      | 0 ||| qw: Allow faded altars: false
     0 | D:1      | 0 ||| qw: Do Orc after clearing Dungeon:15 true
     0 | D:1      | 0 ||| qw: Do second Lair branch before Depths: true
     0 | D:1      | 0 ||| qw: Lair rune preference: random
     0 | D:1      | 0 ||| qw: Goals: Normal
     0 | D:1      | 0 ||| PLANNING D:1-11
    40 | D:1      | You are sucked into a shaft and drop 1 floor!
    57 | D:2      | Reached XP level 2. HP: 17/23 MP: 0/0
   175 | D:2      | 175 ||| READING scroll labelled GIYDITY JUINI.
   176 | D:2      | 176 ||| READING scroll labelled JEC NA HEM.
   177 | D:2      | 177 ||| DROPPING scroll of butterflies.
   238 | D:1      | Reached XP level 3. HP: 28/28 MP: 0/0
   238 | D:1      | Learned a level 1 spell: Foxfire
   244 | D:1      | Reached skill level 4 in Ranged Weapons
   786 | D:1      | 786 ||| UPGRADING to +0 ring mail.
   796 | D:1      | 796 ||| DROPPING +0 leather armour.
   797 | D:1      | 797 ||| UPGRADING to +0 helmet.
   802 | D:1      | 802 ||| UPGRADING to +1 cloak.
   807 | D:1      | 807 ||| UPGRADING to +6 ring of strength.
   808 | D:1      | 808 ||| READING scroll labelled GILOBL KUGGUJYF.
   808 | D:1      | 808 ||| IDENTIFYING purple potion
   809 | D:1      | 809 ||| DRINKING potion of mutation.
   809 | D:1      | Gained mutation: You expend health (3 HP) to strengthen
                  | your wands. [potion of mutation]
   809 | D:1      | Gained mutation: Your spells are a little harder to cast,
                  | but a little more powerful. [potion of mutation]
   902 | D:2      | Found a faded altar of an unknown god.
  1043 | D:2      | Reached skill level 1 in Armour
  1302 | D:2      | 1302 ||| UPGRADING to +0 pair of gloves.
  1307 | D:2      | 1307 ||| DROPPING ring of wizardry.
  1308 | D:2      | 1308 ||| READING 2 scrolls of identify.
  1308 | D:2      | 1308 ||| IDENTIFYING brown potion
  1309 | D:2      | 1309 ||| READING scroll of identify.
  1309 | D:2      | 1309 ||| IDENTIFYING yellow potion
  1310 | D:2      | 1310 ||| READING scroll labelled JEROFU GIOKYAL.
  1411 | D:2      | 1411 ||| READING scroll labelled ELOALA LIGIXKEY.
  1415 | D:2      | 1415 ||| DROPPING potion of magic.
  1470 | D:3      | Reached XP level 4. HP: 29/34 MP: 0/0
  1573 | D:3      | Reached skill level 3 in Fighting
  1748 | D:3      | 1748 ||| UPGRADING to +2 helmet.
  1760 | D:3      | 1760 ||| DROPPING +0 helmet.
  1765 | D:3      | 1765 ||| READING scroll labelled RADIOSKIL.
  1900 | D:3      | Noticed Jessica
  1902 | D:3      | 1902 ||| ZAPPING wand of flame (25) at 0,-3 (Jessica;
                  | floor).
  1903 | D:3      | 1903 ||| ZAPPING wand of flame (24) at 0,-2 (Jessica;
                  | floor).
  1904 | D:3      | 1904 ||| ZAPPING wand of flame (23) at 0,-1 (Jessica;
                  | floor).
  1905 | D:3      | 1905 ||| ZAPPING wand of flame (22) at 0,-1 (Jessica;
                  | floor).
  1905 | D:3      | Killed Jessica
  1906 | D:3      | Reached skill level 3 in Dodging
  1906 | D:3      | Reached XP level 5. HP: 27/40 MP: 0/0
  1906 | D:3      | Learned a level 2 spell: Scorch
  2228 | D:3      | 2228 ||| READING scroll of identify.
  2228 | D:3      | 2228 ||| IDENTIFYING metallic yellow potion
  2229 | D:3      | 2229 ||| READING scroll labelled AKKASO DAOQO.
  2229 | D:3      | 2229 ||| ENCHANTING +0 pair of gloves.
  2230 | D:3      | 2230 ||| READING scroll labelled EMUFUI WETTIES.
  2231 | D:3      | 2231 ||| DROPPING potion of degeneration.
  2389 | D:4      | Noticed Sigmund
  2390 | D:4      | 2390 ||| ZAPPING wand of flame (21) at 7,7 (Sigmund;
                  | floor).
  2391 | D:4      | 2391 ||| ZAPPING wand of flame (20) at 7,7 (Sigmund;
                  | floor).
  2392 | D:4      | 2392 ||| ZAPPING wand of flame (19) at 6,6 (Sigmund;
                  | floor).
  2393 | D:4      | 2393 ||| ZAPPING wand of flame (18) at 5,5 (Sigmund;
                  | floor).
  2394 | D:4      | 2394 ||| ZAPPING wand of flame (17) at 4,4 (Sigmund;
                  | floor).
  2395 | D:4      | 2395 ||| ZAPPING wand of flame (16) at 3,3 (Sigmund;
                  | floor).
  2395 | D:4      | Killed Sigmund
  2396 | D:4      | Reached skill level 5 in Ranged Weapons
  2396 | D:4      | Reached XP level 6. HP: 22/46 MP: 0/0
  2417 | D:4      | 2417 ||| FLEEEEING.
  2418 | D:4      | 2418 ||| FLEEEEING.
  2419 | D:4      | 2419 ||| FLEEEEING.
  2420 | D:4      | 2420 ||| FLEEEEING.
  2425 | D:4      | 2425 ||| FLEEEEING.
  2436 | D:4      | 2436 ||| FLEEEEING.
  2437 | D:4      | 2437 ||| FLEEEEING.
  2438 | D:4      | 2438 ||| FLEEEEING.
  2608 | D:4      | Found a runed translucent gate.
  2608 | D:4      | Found a runed translucent gate.
  2608 | D:4      | Found a runed translucent gate.
  2609 | D:4      | Noticed qw's ghost (amateur GrHu)
  2650 | D:4      | Reached XP level 7. HP: 50/50 MP: 0/0
  2650 | D:4      | Learned a level 3 spell: Volatile Blastmotes
  2683 | D:4      | Noticed Pikel
  2684 | D:4      | 2684 ||| RETREEEEATING.
  2687 | D:4      | 2687 ||| ZAPPING wand of flame (15) at 0,1 (Pikel; floor).
  2688 | D:4      | 2688 ||| ZAPPING wand of flame (14) at 0,1 (Pikel; floor).
  2689 | D:4      | 2689 ||| ZAPPING wand of flame (13) at 0,1 (Pikel; floor).
  2690 | D:4      | 2690 ||| ZAPPING wand of flame (12) at 0,1 (Pikel; floor).
  2691 | D:4      | 2691 ||| ZAPPING wand of flame (11) at 0,1 (Pikel; floor).
  2692 | D:4      | 2692 ||| ZAPPING wand of flame (10) at 0,1 (Pikel; floor).
  2693 | D:4      | 2693 ||| ZAPPING wand of flame (9) at 0,1 (Pikel; floor).
  2694 | D:4      | 2694 ||| ZAPPING wand of flame (8) at 0,1 (Pikel; floor).
  2695 | D:4      | 2695 ||| ZAPPING wand of flame (7) at 0,1 (Pikel; floor).
  2696 | D:4      | 2696 ||| ZAPPING wand of flame (6) at 0,1 (Pikel; floor).
  2696 | D:4      | HP: 11/50 [Pikel/+1 whip of flaming (2)]
  2697 | D:4      | 2697 ||| ZAPPING wand of flame (5) at 0,1 (Pikel; floor).
  2698 | D:4      | 2698 ||| ZAPPING wand of flame (4) at 0,1 (Pikel; floor).
  2699 | D:4      | 2699 ||| ZAPPING wand of flame (3) at 0,1 (Pikel; floor).
  2700 | D:4      | 2700 ||| ZAPPING wand of flame (2) at 0,1 (Pikel; floor).
  2700 | D:4      | Mangled by Pikel

Levels and vault maps discovered:
D:1:      orjb1_clovarrival, layout_loops_ring, minmay_tripent
D:2:      layout_basic, hellmonk_ecumenical_altar_run_dry, minmay_domino_2
D:3:      minmay_octagon_keep, layout_rooms, grunt_ministairs_12, minivault_24,
          wad_orctagon, uniq_jessica
D:4:      layout_basic, gammafunk_ghost_necromancy, uniq_sigmund, uniq_pikel,
          uniq_blork_the_orc

Skill      XL: |  1  2  3  4  5 |
---------------+----------------+-----
Ranged Weapons | 4 5 |  5.5
Armour         | 1 |  1.8
Fighting       | 3 |  3.1
Dodging        | 3 |  3.2
Stealth        | |  0.7

Action                     |  1- 3 |  4- 6 |  7- 9 || total
---------------------------+-------+-------+-------++-------
   Fire: Shortbow          |    97 |   136 |     8 ||   241
  Evoke: Wand              |       |    10 |    14 ||    24
    Use: Scroll            |     7 |     4 |       ||    11
         Potion            |     1 |       |       ||     1
 Armour: Leather armour    |    22 |       |       ||    22
         Ring mail         |    13 |    39 |     9 ||    61
  Dodge: Dodged            |    40 |    52 |     9 ||   101

Table legend:
 A = Non-vault XP
 B = Vault XP
 C = Vault XP percentage of total XP
 D = Non-vault monster count
 E = Vault monster count
 F = Vault count percentage of total count
                 A         B        C        D         E       F
            +---------+---------+-------+---------+---------+-------
      Total |     235 |     307 |  56.6 |      58 |      18 |  23.7
            +---------+---------+-------+---------+---------+-------
        D:1 |      30 |       3 |   9.1 |      19 |       2 |   9.5
        D:2 |      34 |       0 |   0.0 |      12 |       0 |   0.0
        D:3 |      45 |      73 |  61.9 |      15 |      15 |  50.0
        D:4 |     126 |     231 |  64.7 |      12 |       1 |   7.7
            +---------+---------+-------+---------+---------+-------
